 Dungeon Crawl Stone Soup version 0.23.2-30-g0e89c35649 (webtiles) character file.

Game seed: 11591796306774950035

45 Hatywr the Conjurer (level 3, 0/26 HPs)
             Began as a Draconian Air Elementalist on June 25, 2019.
             Slain by Terence
             ... wielding a +0 short sword
              (1 damage)
             ... on level 2 of the Dungeon.
             The game lasted 00:03:32 (1607 turns).

Hatywr the Conjurer (Draconian Air Elementalist)    Turns: 1607, Time: 00:03:33

Health: 0/26       AC:  5    Str: 10    XL:     3   Next: 42%
Magic:  0/6        EV: 12    Int: 16    God:
Gold:   91         SH:  0    Dex: 11    Spells: 5/6 levels left

rFire    . . .     SeeInvis .   e - staff of summoning
rCold    . . .     Gourm    .   (no shield)
rNeg     . . .     Faith    .   (armour unavailable)
rPois    .         Spirit   .   (helmet restricted)
rElec    .         Reflect  .   (no cloak)
rCorr    .         Harm     .   (no gloves)
MR       .....                  (no boots)
Stlth    ++........             (no amulet)
HPRegen  0.08/turn              (no ring)
MPRegen  0.10/turn              (no ring)

@: very slightly contaminated
A: unfitting armour, cold-blooded, AC +5
a: no special abilities


You were on level 2 of the Dungeon.
You were hungry.

You visited 1 branch of the dungeon, and saw 2 of its levels.

You collected 91 gold pieces.

Inventory:

Hand Weapons
 a - a +0 spear
Magical Staves
 e - an uncursed staff of summoning (weapon)
Jewellery
 f - a +2 ring of evasion {unknown}
Scrolls
 c - 2 scrolls of remove curse {unknown}
 d - a scroll of fog {unknown}
Comestibles
 b - 4 rations


   Skills:
 - Level 1.7 Dodging
 - Level 1.7 Stealth
 - Level 2.0 Spellcasting
 + Level 3.3 Conjurations
 - Level 3.0 Air Magic


You had 5 spell levels left.
You knew the following spells:

 Your Spells              Type           Power        Failure   Level  Hunger
a - Shock                 Conj/Air       ##..         5%          1    #......

Your spell library contained the following spells:

 Spells                   Type           Power        Failure   Level  Hunger
 Swiftness                Chrm/Air       #.......     17%         2    ###....
 Static Discharge         Conj/Air       ##......     17%         3    ###....
 Airstrike                Air            ##........   52%         4    #####..
 Lightning Bolt           Conj/Air       ##........   83%         5    ######.


Dungeon Overview and Level Annotations

Branches:
Dungeon (2/15)

Altars:

Annotations:
D:2 Terence


Innate Abilities, Weirdness & Mutations

Your plain brown scales are hard. (AC +5)
You cannot fit into any form of body armour.
You are cold-blooded and may be slowed by cold attacks.


Message History

* * * LOW HITPOINT WARNING * * *
Terence is no longer unusually agile.
You aren't carrying any potions.
You hit Terence.
Terence is almost dead.
Terence hits you with a +0 short sword.
* * * LOW HITPOINT WARNING * * *
You closely miss Terence.
Terence is almost dead.
You are feeling hungry.
Terence hits you but does no damage.
You barely miss Terence.
Terence is almost dead.
Terence hits you but does no damage.
You hit Terence.
Terence is almost dead.
Terence hits you with a +0 short sword.
* * * LOW HITPOINT WARNING * * *
Terence hits you with a +0 short sword.
You die...

### ..# ########### #.#
##.......... #.#
#...######## #.# #...#
########.####...#########
.........#...............
.........................
................@#######.
##########..##.#@.....#
...# #..##.#......# ...#
#..##.#.....$# ...#
#..##[#......# .[.#
#..##.#......# ...#
#..##.#......# ...# #..#
#......# ...# ..##.###


You could see Terence.

Vanquished Creatures
  An adder (D:2)
  3 worms (D:2)
  3 dart slugs
  A giant cockroach (D:1)
  A goblin (D:2)
  3 hobgoblins (D:1)
  A ball python (D:1)
  5 bats
  A kobold (D:2)
  6 rats
25 creatures vanquished.

Notes
Turn   | Place    | Note
-------+----------+-------------------------------------------
     0 | D:1      | Hatywr the Draconian Air Elementalist began the quest for
                  | the Orb.
     0 | D:1      | Reached XP level 1. HP: 14/14 MP: 3/3
   389 | D:1      | Reached XP level 2. HP: 20/20 MP: 0/5
  1054 | D:2      | Reached XP level 3. HP: 26/26 MP: 4/6
  1563 | D:2      | Noticed Terence
  1607 | D:2      | HP: 1/26 [Terence/+0 short sword (1)]
  1607 | D:2      | Slain by Terence

Skill      XL: |  1  2  3 |
---------------+----------+-----
Conjurations   | 2 3 |  3.3
Dodging        | |  1.7
Stealth        | |  1.7
Spellcasting   | |  2.0
Air Magic      | |  3.0

Action                   || total
-------------------------++-------
Melee: Spear             ||    32
       Tailslap          ||     4
       Unarmed           ||     2
       Staff             ||    28
 Cast: Shock             ||    67
  Eat: Chunk             ||     3
Armor: Skin              ||    11
Dodge: Dodged            ||    30
